 Crawl Stoat Soup version 0.23-ish-327-92-g4e138c7aa0 (console) character file.

3627 ceb the Scholar of Death (level 10, -9/66 HPs)
             Began as a Faerie Dragon Necromancer on Apr 5, 2024.
             Was a Follower of Kikubaaqudgha.
             Mangled by a gnoll
             ... wielding a +1 halberd
              (13 damage)
             ... on level 8 of the Dungeon.
             The game lasted 00:14:19 (6345 turns).

ceb the Scholar of Death (FDNe)                     Turns: 6345, Time: 00:14:21

Health: -9/66      AC:  8    Str:  6    XL:     10   Next: 11%
Magic:  0/18 (21)  EV: 17    Int: 23    God:    Kikubaaqudgha [*.....]
Gold:   469        SH:  6    Dex: 12    Spells: 12/24 levels left

rFire    . . .     SeeInvis +   a - +7 spear
rCold    . . .     Gourm    .   (shield restricted)
rNeg     + . .     Faith    .   (armour unavailable)
rPois    .         Spirit   .   (helmet restricted)
rElec    .         Warding  .   (no cloak)
rCorr    .         Reflect  .   w - +0 pair of gloves
MR       +....     Harm     .   y - +0 pair of boots
Stlth    +.........             r - amulet of rage
HPRegen  0.44/turn              B - ring of see invisible
MPRegen  0.17/turn              i - ring of positive energy

@: lethally poisoned (-9 -> -14), flying, studying Polearms, 3 MP reserved for
charms
A: small, sparkly, unfitting armour, magic attunement, magical scales, able to
fly
a: Stop Flying, Receive Corpses, Renounce Religion, End Permanent Enchantments,
Evoke Berserk Rage


You were on level 8 of the Dungeon.
You worshipped Kikubaaqudgha.
Kikubaaqudgha was aware of your devotion.
You were not hungry.

You visited 2 branches of the dungeon, and saw 9 of its levels.

You collected 469 gold pieces.

Inventory:

Hand Weapons
 a - a +7 spear (weapon)
 n - a +0 short sword
 z - a +0 falchion
Armour
 w - a +0 pair of gloves (worn)
 y - a +0 pair of boots (worn)
Jewellery
 i - a ring of positive energy (right hand)
 r - an amulet of rage (around neck)
 B - a ring of see invisible (left hand)
Wands
 s - a wand of acid (4 charges)
 G - a wand of polymorph (17 charges)
 H - a wand of digging (10 charges)
 J - a wand of paralysis (9 charges)
Scrolls
 f - 3 scrolls of teleportation
 k - a scroll of remove curse
 l - 2 scrolls of amnesia {unknown}
 m - 2 scrolls of fear
 u - a scroll of blinking
 E - a scroll of magic mapping
 I - a scroll of brand weapon {unknown}
Potions
 b - 2 potions of heal wounds
 e - 4 potions of flight {unknown}
 g - 2 potions of agility {unknown}
 h - 8 potions of curing {unknown}
 o - 2 potions of invisibility
 q - 2 potions of lignification {unknown}
 t - a potion of magic
 v - a potion of haste
 x - 2 potions of mutation {unknown}
 A - a potion of berserk rage
 D - 2 potions of might {unknown}
Books
 j - a manual of Polearms
Comestibles
 c - 9 bread rations
 d - 7 meat rations
 p - a chunk of flesh
 F - 7 fruits


   Skills:
 * Level 5.1 Fighting
 + Level 4.6 Polearms
 + Level 7.6 Dodging
 - Level 1.2 Stealth
 + Level 7.7 Spellcasting
 * Level 10.5 Necromancy


You had 12 spell levels left.
You knew the following spells:

 Your Spells              Type           Power        Failure   Level  Hunger
a - Necrotise             Necr           25/25        1%          1    None
b - Animate Dead          Necr           N/A          1%          4    None
c - Vampiric Draining     Necr           55/200       1%          3    None
d - Regeneration          Chrm/Necr      33/200       9%          4    None

Your spell library contained the following spells:

 Spells                   Type           Power        Failure   Level  Hunger
 Corpse Rot               Necr           N/A          1%          2    None
 Sublimation of Blood     Necr           55/200       1%          2    None


Dungeon Overview and Level Annotations

Branches:
Dungeon (8/15)             Temple (1/1) D:7
   Lair: D:8-11

Altars:
Ashenzari
Cheibriados
Dithmenos
Elyvilon
Fedhas
Gozag
Hepliaklqana Ihp'ix
Kikubaaqudgha
Makhleb
Nemelex Xobeh
Okawaru
Qazlal
Ru
Sif Muna
Trog
Uskayaw
Vehumet
Wu Jian
Xom
Yredelemnul
The Shining One


Innate Abilities, Weirdness & Mutations

Your sparkly wings attract attention (Stealth-).
You are small and have problems with some larger weapons.
You cannot fit into any form of body armour.
Your spells do not cause hunger; their MP costs are reduced by 1.
Your shimmering scales repel attacks (AC +6, SH +6).
You can fly continuously.


Message History

Aiming: Necrotise (safe; 1% risk of failure)
Press: ? - help, Shift-Dir - straight line, f - gnoll
Aim: a gnoll, wielding an enchanted spear (lightly wounded, chance to defeat MR: 89%)
The gnoll writhes in agony.
* * * LOW HITPOINT WARNING * * *
You feel sick. The gnoll barely misses you. The gnoll closely misses you.
Casting: Necrotise (safe; 1% risk of failure)
Confirm with . or Enter, or press ? or * to list all spells.
Aiming: Necrotise (safe; 1% risk of failure)
Press: ? - help, Shift-Dir - straight line, f/p - gnoll
Aim: a gnoll, wielding an enchanted spear (heavily wounded, chance to defeat MR: 89%)
The gnoll writhes in agony!
You kill the gnoll!
Kikubaaqudgha accepts your kill.
The dead are walking!
* * * LOW HITPOINT WARNING * * *
You feel sick.
The gnoll hits you from afar with an enchanted halberd!
You die...
Kikubaaqudgha rasps: "You have failed me!
Welcome... death!"

#Z#
..########@######.#
.......(.).........
#########..#####...
######........#
..............#
.######.#####.# #.#
#.# #.# #.### #.#
#...# #.# ###.# #.#
#.# #.#
#######.#######.#
..............#.#
#######.#####.#.#
##.#####.#.#


You could see 2 gnolls and a friendly gnoll skeleton.

Vanquished Creatures
  Joseph (D:7)
  Grinder (D:4)
  Sigmund (D:2)
  A hippogriff (D:7)
  A water moccasin (D:6)
  2 black bears
  An orc warrior (D:6)
  An ice beast (D:6)
  An ogre (D:4)
  2 centaurs (D:8)
  2 big kobolds (D:7)
  2 bullfrogs
  2 gnoll sergeants
  4 scorpions
  A quasit (D:7)
  A bullfrog zombie (D:7)
  A hound (D:4)
  A goliath beetle (D:6)
  A jelly (D:5)
  A gnoll shaman (D:4)
  2 orc wizards (D:7)
  6 worker ants
  13 gnolls
  A howler monkey skeleton (D:7)
  5 adders
  A white imp (D:7)
  3 ufetubi
  4 oozes
  An adder zombie (D:5)
  An adder skeleton (D:4)
  3 worms
  A dart slug (D:3)
  3 leopard geckos
  18 orcs
  2 ball pythons
  7 bats
  5 giant cockroaches
  5 hobgoblins
  5 jackals
  10 kobolds
  7 weasels
  5 frilled lizards
  4 goblins
  A jackal skeleton (D:8)
  A leopard gecko skeleton (D:5)
  A leopard gecko zombie (D:5)
  5 rats
148 creatures vanquished.

Vanquished Creatures (collateral kills)
  Harold (D:8)
  A black bear (D:7)
  A bullfrog (D:6)
  A quasit (D:6)
  2 bullfrog skeletons
  A hound (D:8)
  2 hound skeletons
  A howler monkey skeleton (D:4)
  An adder (D:2)
  A white imp (D:5)
  An adder zombie (D:5)
  An orc (D:3)
  A giant cockroach (D:2)
  A frilled lizard (D:4)
  2 kobolds (D:7)
18 creatures vanquished.

Grand Total: 166 creatures vanquished

Notes
Turn   | Place    | Note
-------+----------+-------------------------------------------
     0 | D:1      | ceb the Faerie Dragon Necromancer began the quest for the
                  | Orb.
     0 | D:1      | Reached XP level 1. HP: 11/11 MP: 3/3
   151 | D:1      | Reached skill level 5 in Necromancy
   251 | D:1      | Reached XP level 2. HP: 17/17 MP: 5/5
   849 | D:2      | Reached XP level 3. HP: 21/21 MP: 5/7
  1010 | D:2      | Noticed Sigmund
  1016 | D:2      | HP: 1/21 [Sigmund/scythe (14)]
  1021 | D:2      | Killed Sigmund
  1021 | D:2      | Reached skill level 6 in Necromancy
  1021 | D:2      | Reached XP level 4. HP: 2/27 MP: 8/10
  1021 | D:2      | Reached XP level 5. HP: 2/31 MP: 8/11
  1028 | D:2      | Learned a level 4 spell: Animate Dead
  1032 | D:2      | Learned a level 3 spell: Vampiric Draining
  1037 | D:2      | Learned a level 4 spell: Regeneration
  1565 | D:3      | Reached XP level 6. HP: 36/36 MP: 9/12
  2471 | D:4      | Noticed Grinder
  2582 | D:4      | Paralysed by Grinder for 3 turns
  2600 | D:5      | Entered Level 5 of the Dungeon
  2605 | D:5      | Reached skill level 5 in Spellcasting
  2605 | D:5      | Reached XP level 7. HP: 28/41 MP: 11/14
  2668 | D:5      | Reached skill level 5 in Dodging
  2668 | D:5      | Reached skill level 7 in Necromancy
  2921 | D:4      | Paralysed by Grinder for 5 turns
  2932 | D:4      | Paralysed by Grinder for 6 turns
  2938 | D:4      | Killed Grinder
  3257 | D:4      | Reached XP level 8. HP: 44/46 MP: 10/17
  3385 | D:4      | Found a hazy altar of Hepliaklqana.
  3699 | D:5      | Reached skill level 8 in Necromancy
  4017 | D:6      | Found a white marble altar of Elyvilon.
  4205 | D:6      | Reached skill level 1 in Fighting
  4205 | D:6      | Reached skill level 1 in Polearms
  4944 | D:7      | Reached skill level 9 in Necromancy
  4944 | D:7      | Reached XP level 9. HP: 47/55 MP: 13/19
  5055 | D:7      | Found a staircase to the Ecumenical Temple.
  5082 | Temple   | Entered the Ecumenical Temple
  5338 | Temple   | Became a worshipper of Kikubaaqudgha
  5476 | D:7      | Noticed Joseph
  5492 | D:7      | Killed Joseph
  6259 | D:8      | Reached * piety under Kikubaaqudgha
  6259 | D:8      | Identified Kikubaaqudgha's Compendium of Dark Magic
                  | (Kikubaaqudgha gifted it to you on level 8 of the Dungeon)
  6259 | D:8      | Received a gift from Kikubaaqudgha
  6302 | D:8      | Noticed Harold
  6307 | D:8      | Reached skill level 10 in Necromancy
  6315 | D:8      | Killed Harold
  6315 | D:8      | Reached skill level 5 in Fighting
  6315 | D:8      | Reached XP level 10. HP: 60/66 MP: 7/21
  6345 | D:8      | Mangled by a gnoll

Vault maps used:
D:1:      dpeg_arrival_connections, minmay_misc_feat_iff
D:2:      uniq_sigmund
D:4:      lemuel_crystal_altar, corexii_item_surrounded_by_moat, uniq_grinder
D:5:      first_bread, minmay_manual_mullet
D:6:      minmay_general_purpose_star, chequers_serial_rivers_small_a,
          hangedman_abyss_or_decor_passed, elyvilon_altar_1
D:7:      kennysheep_spiral_hall, minmay_temple_entry_slanted, uniq_joseph
D:8:      zin_angel, uniq_harold
Temple:   compressed_dpeg_triangle_lava_temple

Skill      XL: |  1  2  3  4  5  6  7  8  9 |
---------------+----------------------------+-----
Necromancy     | 5 6 7 9 10 | 10.5
Spellcasting   | 3 4 5 6 7 |  7.7
Dodging        | 4 5 6 7 |  7.6
Fighting       | 2 5 |  5.1
Polearms       | 2 4 |  4.6
Stealth        | |  1.2

Action                   |  1- 3 |  4- 6 |  7- 9 | 10-12 || total
-------------------------+-------+-------+-------+-------++-------
Melee: Short sword       |       |     8 |       |       ||     8
       Falchion          |       |     4 |    66 |       ||    70
       Spear             |       |       |    69 |     1 ||    70
 Cast: Necrotise         |    50 |    76 |   244 |     9 ||   379
       * Regeneration    |       |    25 |    91 |     3 ||   119
       Vampiric Draining |       |       |    32 |     4 ||    36
       Animate Dead      |       |       |     4 |     1 ||     5
  Use: Scroll            |       |       |    14 |       ||    14
  Eat: Chunk             |       |     5 |    12 |       ||    17
Armor: Skin              |     4 |     8 |    97 |       ||   109
Dodge: Dodged            |    16 |    31 |   299 |    12 ||   358
Block: Other             |     6 |    13 |   122 |     7 ||   148
       Rpst.: Falchion   |       |     1 |    36 |       ||    37
* Casting counts for permanent charms are approximate representations of how often the player would have had to cast a non-permanent spell for the same benefits.

Table legend:
 A = Spawn XP
 B = Non-spawn XP
 C = Spawn XP percentage of total XP
 D = Spawn monster count
 E = Non-spawn monster count
 F = Spawn count percentage of total count
 G = Total turns spent on level
                    A         B        C        D         E        F      G
               +---------+---------+-------+---------+---------+-------+---------
         Total |     432 |    4750 |   8.3 |      24 |     142 |  14.5 |  6345
               +---------+---------+-------+---------+---------+-------+---------
           D:1 |       0 |      26 |   0.0 |       0 |      14 |   0.0 |   839
           D:2 |      21 |     259 |   7.5 |       4 |      12 |  25.0 |   608
           D:3 |       5 |      73 |   6.4 |       2 |      27 |   6.9 |   794
           D:4 |      55 |     683 |   7.5 |       4 |      18 |  18.2 |  1057
           D:5 |      52 |     256 |  16.9 |       3 |      19 |  13.6 |   690
           D:6 |       0 |     766 |   0.0 |       0 |      23 |   0.0 |   814
           D:7 |     299 |    1361 |  18.0 |      11 |      19 |  36.7 |  1155
           D:8 |       0 |    1326 |   0.0 |       0 |      10 |   0.0 |   116
               +---------+---------+-------+---------+---------+-------+---------
